 Dungeon Crawl Stone Soup version 0.24.0-13-gcf9b3192b9 (webtiles) character file.

Game seed: 7520275134475497394, levelgen mode: deterministic

52 Acheron the Grasshopper (level 3, -2/25 HPs)
             Began as an Octopode Warper on Nov 10, 2019.
             Slain by a phantom (7 damage)
             ... on level 3 of the Dungeon.
             The game lasted 00:09:05 (1740 turns).

Acheron the Grasshopper (Octopode Warper)           Turns: 1740, Time: 00:09:06

Health: -2/25      AC:  8    Str: 10    XL:     3   Next: 85%
Magic:  6/6        EV: 14    Int: 15    God:
Gold:   136        SH:  0    Dex: 12    Spells: 2/6 levels left

rFire    . . .     SeeInvis .   b - +1 trident (protect)
rCold    . . .     Gourm    .   (no shield)
rNeg     . . .     Faith    .   (helmet restricted)
rPois    .         Spirit   .   (no amulet)
rElec    .         Reflect  .   (no ring)
rCorr    .         Harm     .   (no ring)
MR       .....                  (no ring)
Stlth    +++.......             (no ring)
HPRegen  0.08/turn              (no ring)
MPRegen  0.10/turn              (no ring)
                                (no ring)
                                (no ring)

@: protection aura
A: almost no armour, stealthy swim, amphibious, 8 rings, constrict 8, camouflage
1, gelatinous body 1
a: no special abilities


You were on level 3 of the Dungeon.
You were hungry.

You visited 1 branch of the dungeon, and saw 4 of its levels.

You collected 136 gold pieces.

Inventory:

Hand Weapons
 a - a +1 hand axe
 b - a +1 trident of protection (weapon)
Missiles
 d - 4 boomerangs of dispersal (quivered)
 i - 18 stones
 j - 19 sling bullets
Scrolls
 c - a scroll of blinking
 m - a scroll of remove curse
 n - 2 scrolls of teleportation
Potions
 e - a potion of flight {unknown}
 g - a potion of magic {unknown}
 k - a potion of lignification {unknown}
 l - a potion of experience {unknown}
Comestibles
 f - 5 rations
 h - 5 chunks of flesh


   Skills:
 + Level 2.3 Fighting
 + Level 2.3 Axes
 * Level 0.4(1.5) Polearms
 * Level 1.5 Throwing
 + Level 2.8 Dodging
 * Level 1.2 Stealth
 * Level 2.1 Spellcasting
 * Level 0.1 Charms
 * Level 3.1 Translocations


You had 2 spell levels left.
You knew the following spells:

 Your Spells              Type           Power        Failure   Level  Hunger
a - Shroud of Golubria    Chrm/Tloc      #.....       17%         2    ###....
b - Blink                 Tloc           N/A          9%          2    ###....

Your spell library contained the following spells:

 Spells                   Type           Power        Failure   Level  Hunger
 Gell's Gravitas          Tloc           ##........   19%         3    ###....
 Lesser Beckoning         Tloc           ##........   19%         3    ###....
 Teleport Other           Tloc           ##......     19%         3    ###....
 Passage of Golubria      Tloc           N/A          52%         4    #####..


Dungeon Overview and Level Annotations

Branches:
Dungeon (4/15)
 Temple: D:4-7

Altars:


Innate Abilities, Weirdness & Mutations

You cannot wear most types of armour.
You are very stealthy in the water. (Stealth+)
You are amphibious.
You can wear up to eight rings at the same time.
You can use your tentacles to constrict eight enemies at once.
Your skin changes colour to match your surroundings (Stealth+).
Your rubbery body absorbs attacks. (AC +1, EV +1)


Message History

The phantom closely misses you.
You hit the phantom. You squeeze the phantom!
The phantom is severely damaged.
The phantom closely misses you. The phantom hits you.
The phantom blinks!
The phantom blinks!
You puncture the phantom!
Your weapon exudes an aura of protection.
The phantom is almost destroyed.
The phantom blinks!
The phantom blinks!
You hit the phantom.
Your weapon exudes an aura of protection.
Your squeeze misses the phantom.
The phantom is almost destroyed.
The phantom hits you.
* * * LOW HITPOINT WARNING * * *
You hit the phantom. Your squeeze misses the phantom.
The phantom is almost destroyed.
The phantom blinks!
The phantom hits you!
You die...

# ####.#######
..........#.....# ###
.....K..........# #..
................# #..
................# #..
.......#####....###### #..
....... #.@ยง.#....# #..
.......#####W...#....#######..
...........'....'....+........
..#.#....###....#....#####....
#....########....##..[....
+....'......'....'......##
#....########....#.####.<#
#....# #....#.# #..# ######
######(## #..#


You could see a phantom.

Vanquished Creatures
  An adder (D:2)
  4 worms
  A dart slug (D:1)
  A leopard gecko (D:1)
  An orc (D:3)
  2 bats
  3 giant cockroaches (D:3)
  5 goblins
  2 hobgoblins (D:1)
  A jackal (D:2)
  A quokka (D:2)
  A kobold (D:2)
  3 rats
26 creatures vanquished.

Notes
Turn   | Place    | Note
-------+----------+-------------------------------------------
     0 | D:1      | Acheron the Octopode Warper began the quest for the Orb.
     0 | D:1      | Reached XP level 1. HP: 14/14 MP: 3/3
     0 | D:1      | Noticed a dwarf
     2 | D:1      | Noticed a troll
     7 | D:1      | Noticed an ogre
    10 | D:1      | Noticed a centaur
    14 | D:1      | Noticed a vine stalker
    14 | D:1      | Noticed a gargoyle
    16 | D:1      | Noticed a vampire
    18 | D:1      | Noticed a ghoul
    20 | D:1      | Noticed a minotaur
   527 | D:1      | Reached XP level 2. HP: 12/19 MP: 5/5
   854 | D:2      | Learned a level 2 spell: Shroud of Golubria
   857 | D:2      | Learned a level 2 spell: Blink
  1018 | D:2      | Reached XP level 3. HP: 24/24 MP: 6/6
  1056 | D:2      | Reached skill level 1 in Stealth
  1682 | D:3      | Noticed a phantom
  1740 | D:3      | Slain by a phantom

Levels and vault maps discovered:
D:1:      shiori_arrival_whats_in_store_for_you, layout_basic
D:2:      layout_basic, minmay_misc_feat_four_crosses
D:3:      layout_basic, first_ration, led_xom_imps, uniq_natasha
D:4:      cheibrodos_fertilizer, layout_gridville,
          nicolae_ossuary_entry_catacombs

Skill      XL: |  1  2  3 |
---------------+----------+-----
Stealth        | 1 |  1.2
Fighting       | |  2.3
Axes           | |  2.3
Polearms       | |  0.4
Throwing       | |  1.5
Dodging        | |  2.8
Spellcasting   | |  2.1
Charms         | |  0.1
Translocations | |  3.1

Action                   || total
-------------------------++-------
Melee: Hand axe          ||    18
       Constrict         ||    15
       Tentacles         ||    13
       Trident           ||    50
Throw: Boomerang         ||     1
  Use: Scroll            ||     6
 Stab: Sleeping          ||     3
  Eat: Chunk             ||     2
Armor: Skin              ||     9
Dodge: Dodged            ||    46
